Map: [ESL] Ancient Cistern

Players

SpeCial

  • Race: Terran Terran

Elazer - Winner!

  • Race: Zerg Zerg

Event: IEM Katowice 2023

VOD

Have the link to the VOD?

Description

Time

  • Played on: Feb. 9, 2023, 11:10 a.m.
  • Length: 28:58

All games in this series

Show
View Real Time Build Order
Export as new Build Order

SpeCial Terran 

Build Orders:  

Get SALT Encoding   

  12  0:00  SCV  
  13  0:12  SCV  
  14  0:18  Supply Depot  
  14  0:24  SCV  
  15  0:39  SCV  
  15  0:40  Barracks  
  16  0:43  Refinery  
  16  0:51  SCV  
  17  1:01  Barracks  
  17  1:03  SCV  
  18  1:16  SCV  
  19  1:28  Orbital Command, Reaper  
  20  1:48  Reaper  
  20  1:50  Supply Depot  
  21  1:54  SCV  
  22  2:03  Reaper  
  23  2:12  SCV  
  24  2:15  Command Center  
  24  2:20  Marine  
  25  2:24  SCV  
  25  2:25  Refinery  
  26  2:35  Marine  
  26  2:36  SCV  
  28  2:48  SCV  
  28  2:49  Factory  
  29  2:52  Supply Depot  
  29  2:56  Marine, Barracks Reactor  
  30  3:00  SCV  
  31  3:14  SCV  
  32  3:20  Marine  
  32  3:26  SCV  
  32  3:34  Orbital Command  
  32  3:35  Starport  
  32  3:40  SCV  
  32  3:43  Marine, Command Center  
  32  3:46  Hellion  
  32  3:48  Hellion  
  37  3:49  Marine  
  37  3:53  SCV  
  39  4:01  SCV  
  40  4:03  Marine  
  40  4:05  SCV  
  40  4:07  Marine  
  43  4:12  Medivac, Supply Depot  
  43  4:15  SCV  
  46  4:17  SCV  
  46  4:19  Hellion  
  46  4:22  Hellion  
  51  4:27  Fusion Core  
  51  4:30  SCV x2  
  53  4:32  Marine  
  53  4:36  Marine  
  55  4:42  SCV x2  
  55  4:43  Starport Tech Lab  
  57  4:49  Hellion x2  
  57  4:50  Marine  
  62  4:55  Supply Depot  
  62  4:56  Orbital Command  
  62  5:00  SCV  
  62  5:01  SCV  
  64  5:11  Hellion x2  
  64  5:12  SCV  
  69  5:17  Orbital Command  
  69  5:18  SCV  
  70  5:24  SCV  
  70  5:25  Battlecruiser  
  77  5:30  SCV  
  77  5:34  Supply Depot  
  78  5:37  SCV, Refinery  
  78  5:41  Refinery  
  78  5:42  SCV  
  80  5:44  Hellion x2  
  80  5:49  SCV  
  85  5:56  SCV x2  
  87  5:58  Supply Depot  
  87  6:05  SCV, Hellion  
  87  6:08  SCV  
  87  6:10  SCV  
  92  6:13  Factory  
  92  6:14  Factory  
  92  6:18  SCV  
  93  6:20  SCV, Supply Depot, Hellion  
  93  6:22  SCV  
  97  6:26  Hellion  
  97  6:30  SCV  
  97  6:32  SCV  
  99  6:36  SCV  
  100  6:42  Battlecruiser, SCV, Hellion  
  100  6:46  Supply Depot  
  109  6:49  Supply Depot  
  109  6:56  Factory Tech Lab  
  109  6:59  SCV x2  
  107  7:01  SCV  
  107  7:02  Hellion  
  107  7:04  Hellion  
  107  7:05  Factory Tech Lab  
  90  7:11  SCV x2  
  90  7:13  SCV, Supply Depot  
  90  7:14  Weapon Refit  
  93  7:20  Cyclone  
  90  7:23  SCV x2, Supply Depot, Hellion  
  90  7:25  SCV, Hellion  
  90  7:26  Cyclone  
  90  7:29  Refinery  
  100  7:30  Refinery  
  100  7:36  SCV x2  
  102  7:37  SCV  
  103  7:45  Hellion  
  103  7:47  Hellion  
  103  7:48  Battlecruiser, SCV x2  
  103  7:49  SCV, Infernal Pre-Igniter  
  116  7:52  Mag-Field Accelerator  
  116  8:00  SCV x2  
  118  8:06  Hellion  
  118  8:07  Cyclone  
  118  8:09  SCV, Hellion  
  118  8:10  Factory  
  126  8:12  Factory  
  126  8:13  Supply Depot  
  126  8:14  Supply Depot  
  126  8:15  Cyclone  
  129  8:20  Supply Depot  
  129  8:26  Armory  
  129  8:27  Hellion  
  129  8:30  Supply Depot, Hellion  
  129  8:34  Command Center  
  129  8:49  Hellion  
  129  8:50  Engineering Bay, Cyclone  
  129  8:51  Hellion  
  129  8:52  Battlecruiser  
  129  8:55  SCV  
  139  9:04  Factory Tech Lab, Factory Reactor  
  139  9:09  SCV x2  
  141  9:10  Hellion  
  141  9:13  Hellion  
  141  9:15  Siege Tank  
  148  9:19  Missile Turret  
  148  9:20  Terran Vehicle Weapons Level 1  
  148  9:22  Siege Tank  
  147  9:32  Hellion  
  147  9:34  Siege Tank, Hellion  
  154  9:40  SCV  
  154  9:41  SCV  
  154  9:42  SCV  
  157  9:47  Siege Tank  
  157  9:51  Missile Turret  
  157  9:52  Refinery  
  160  9:53  Refinery, Hellion  
  160  9:54  Siege Tank  
  160  9:56  Hellion  
  160  9:59  Hellion x2  
  165  10:01  SCV x3  
  165  10:06  Siege Tank  
  171  10:13  SCV  
  172  10:14  Hellion  
  172  10:16  Planetary Fortress  
  172  10:19  Siege Tank, Hellion  
  172  10:20  Hellion  
  181  10:25  Sensor Tower  
  181  10:26  Siege Tank, Missile Turret  
  181  10:27  Missile Turret  
  184  10:31  Armory  
  184  10:38  Siege Tank  
  184  10:41  Command Center  
  180  10:59  Cyclone, Hellion x4  
  188  11:08  Factory  
  186  11:12  Cyclone  
  186  11:13  Factory  
  186  11:15  Factory  
  187  11:26  Missile Turret x2  
  187  11:29  Sensor Tower  
  187  11:34  Hellion  
  187  11:40  Terran Vehicle Weapons Level 2  
  187  11:41  Terran Vehicle And Ship Armor Level 1  
  187  11:45  Cyclone  
  187  11:47  Cyclone  
  187  11:48  Cyclone, Hellion x2  
  187  11:53  Hellion  
  189  11:55  Hellion  
  189  11:56  Hellion  
  189  11:57  Raven  
  189  12:12  Hellion  
  189  12:13  Factory Tech Lab x2, Hellion  
  189  12:14  Hellion  
  189  12:15  Command Center  
  195  12:17  Cyclone, Hellion  
  195  12:33  Hellion  
  199  12:40  Command Center  
  199  12:42  Planetary Fortress  
  196  12:48  Factory Tech Lab  
  196  12:49  Command Center  
  196  12:50  Command Center  
  192  13:01  Raven  
  186  13:07  Starport  
  186  13:10  Starport  
  186  13:12  Starport  
  186  13:17  Cyclone  
  186  13:19  Cyclone  
  168  13:20  Cyclone, Hellion x2  
  168  13:23  Hellion  
  170  13:33  Cyclone, Hellion x2  
  180  13:35  Raven  
  152  13:41  Hellion  
  152  13:44  Hellion  
  145  13:49  SCV x2, Cyclone  
  145  13:51  Cyclone  
  145  13:55  SCV  
  145  13:59  Cyclone x2  
  145  14:01  Starport Tech Lab  
  145  14:02  Starport Tech Lab  
  147  14:04  SCV x2  
  147  14:07  SCV  
  147  14:09  Barracks  
  150  14:12  Hellion x2  
  150  14:15  SCV  
  150  14:16  SCV  
  150  14:17  SCV, Cyclone  
  157  14:18  Barracks  
  157  14:22  Cyclone  
  157  14:24  Siege Tank, SCV  
  166  14:25  SCV x2  
  166  14:29  SCV x2  
  171  14:31  Siege Tank  
  171  14:32  Hellion  
  171  14:33  Hellion x2  
  145  14:49  Cyclone  
  143  14:52  SCV x2  
  143  14:53  SCV, Cyclone  
  143  14:54  Cyclone, Hellion x2  
  143  14:56  Cyclone  
  157  15:03  Cyclone  
  157  15:04  SCV  
  157  15:05  Raven x2  
  165  15:09  Planetary Fortress  
  165  15:10  Factory  
  165  15:13  Factory  
  165  15:14  Planetary Fortress  
  170  15:21  Cyclone, Hellion  
  170  15:25  Siege Tank  
  173  15:33  Command Center  
  173  15:35  Siege Tank x2  
  176  15:38  Hellion  
  181  15:45  Siege Tank  
  181  15:47  Terran Vehicle And Ship Armor Level 2  
  184  15:53  Siege Tank  
  184  15:54  Terran Vehicle Weapons Level 3  
  187  16:01  Siege Tank x2  
  190  16:11  Siege Tank  
  190  16:12  Siege Tank  
  190  16:18  Siege Tank  
  183  16:30  Hellion  
  169  16:34  Siege Tank x2  
  169  16:35  Hellion  
  169  16:37  Cyclone  
  169  16:39  Hellion  
  163  16:41  Hellion x4  
  163  16:43  Cyclone  
  163  16:45  Cyclone  
  163  16:46  Hellion  
  158  16:50  Missile Turret, Raven  
  160  16:54  Orbital Command  
  160  16:58  Hellion  
  160  17:00  Hellion  
  164  17:08  Cyclone x2  
  170  17:11  Cyclone  
  170  17:15  Sensor Tower  
  173  17:17  Hellion  
  173  17:20  Hellion  
  173  17:21  Supply Depot  
  177  17:22  Refinery  
  177  17:31  Hellion x2  
  181  17:37  Refinery, Missile Turret  
  181  17:43  Hellion x2  
  179  17:52  Hellion  
  179  17:53  Cyclone  
  179  17:59  Hellion x2  
  179  18:02  Command Center  
  183  18:08  Cyclone  
  183  18:09  Cyclone, Hellion x2  
  183  18:10  Cyclone  
  176  18:13  Hellion  
  176  18:15  Hellion  
  176  18:18  Raven x2  
  184  18:21  Missile Turret  
  184  18:33  Raven  
  186  18:36  Hellion x3  
  184  18:42  Cyclone  
  184  18:43  Cyclone x2, Hellion  
  161  18:49  Siege Tank, Cyclone, Hellion  
  152  19:03  Hellion  
  147  19:12  Orbital Command  
  147  19:15  Cyclone, Hellion  
  147  19:17  Hellion  
  136  19:30  Cyclone, Hellion x2  
  143  19:35  Cyclone  
  146  19:45  Siege Tank  
  151  19:46  Hellion  
  151  19:53  Hellion  
  151  19:55  Supply Depot  
  151  19:59  Siege Tank, Hellion  
  158  20:07  Siege Tank  
  158  20:12  Sensor Tower  
  161  20:20  Siege Tank  
  158  20:30  Siege Tank  
  158  20:33  Hellion  
  161  20:37  Hellion  
  163  20:48  Siege Tank  
  162  20:56  Missile Turret  
  162  21:04  Siege Tank x2  
  168  21:05  Hellion  
  170  21:16  Siege Tank  
  173  21:27  Siege Tank  
  173  21:28  Planetary Fortress, Hellion  
  173  21:30  Missile Turret  
  178  21:34  Siege Tank  
  178  21:48  Cyclone x2  
  178  21:51  Siege Tank  
  179  21:54  Hellion  
  179  21:57  SCV x2  
  179  21:58  SCV  
  176  22:03  SCV x2  
  175  22:09  SCV  
  175  22:13  SCV  
  176  22:19  SCV x3  
  176  22:21  SCV  
  177  22:25  SCV  
  177  22:29  Siege Tank x2  
  184  22:31  SCV x3  
  184  22:33  Hellion  
  187  22:38  SCV x2  
  187  22:41  Missile Turret  
  187  22:43  SCV x2  
  191  22:49  SCV  
  191  22:50  SCV x2  
  194  22:54  Siege Tank  
  194  22:58  Hellion  
  199  23:04  Refinery  
  199  23:05  Refinery  
  199  23:12  Missile Turret  
  199  23:31  Hellion  
  199  23:32  Factory Tech Lab, Hellion x2  
  199  23:35  Missile Turret  
  199  23:39  Command Center  
  200  23:41  Cyclone, Hellion x2  
  198  23:54  Raven  
  192  23:58  Orbital Command, Missile Turret  
  192  24:00  Hellion x2  
  196  24:13  Missile Turret  
  196  24:24  Hellion  
  196  24:25  Hellion  
  200  24:32  Refinery  
  200  24:33  Refinery  
  200  24:37  Hellion x2  
  200  24:38  Hellion  
  178  24:40  Cyclone, Hellion  
  178  24:42  Cyclone, Hellion  
  188  24:51  Refinery  
  188  24:54  Hellion  
  188  24:59  Missile Turret  
  189  25:00  Refinery  
  189  25:01  Cyclone, Hellion  
  189  25:03  Raven x2  
  192  25:09  Hellion  
  192  25:13  Missile Turret  
  192  25:22  Cyclone, Hellion  
  192  25:23  Cyclone  
  192  25:27  Hellion  
  198  25:47  Cyclone, Hellion  
  178  25:54  Cyclone x3, Hellion  
  178  25:57  SCV x2  
  174  25:59  Raven  
  174  26:01  Cyclone, Hellion  
  171  26:07  SCV  
  171  26:09  Raven  
  171  26:11  Cyclone, Hellion  
  171  26:18  SCV x2, Hellion  
  166  26:19  SCV x3, Cyclone  
  166  26:23  Hellion  
  166  26:24  Raven  
  176  26:26  Cyclone  
  176  26:28  Cyclone, Hellion  
  176  26:29  Hellion  
  176  26:30  SCV  
  176  26:31  SCV  
  178  26:33  Raven  
  172  26:43  Thor x2  
  172  26:44  Hellion, Raven  
  171  26:52  Orbital Command  
  161  26:57  Cyclone  
  161  26:58  Viking  
  162  27:02  SCV  
  162  27:03  SCV  
  162  27:04  SCV  
  162  27:05  SCV  
  162  27:07  Viking  
  165  27:10  Hellion  
  165  27:13  Hellion  
  169  27:18  Viking  
  168  27:28  Viking  
  168  27:29  SCV x2  
  169  27:30  SCV  
  170  27:42  Missile Turret  
  170  27:48  Orbital Command  
  170  27:56  Thor  
  152  28:05  Hellion  
  152  28:07  Orbital Command  
  152  28:11  SCV x2  
  154  28:18  Siege Tank  
Show
View Real Time Build Order
Export as new Build Order

Elazer Zerg - Winner!

Build Orders: Hatch First 

Get SALT Encoding   

  12  0:00  Drone  
  13  0:12  Overlord  
  13  0:16  Drone  
  14  0:30  Drone x2  
  16  0:46  Hatchery  
  15  0:51  Drone  
  15  0:55  Drone  
  17  0:58  Drone  
  18  1:09  Extractor  
  17  1:13  Spawning Pool  
  17  1:15  Drone  
  17  1:19  Drone  
  18  1:27  Drone  
  19  1:39  Drone  
  20  1:49  Drone  
  21  1:59  Queen x2  
  21  2:00  Zergling x4  
  27  2:13  Metabolic Boost, Overlord, Zergling x2  
  28  2:32  Hatchery  
  26  2:38  Drone  
  26  2:40  Queen  
  28  2:48  Zergling x6  
  31  2:54  Overlord  
  31  2:57  Drone x2  
  33  3:00  Drone  
  34  3:08  Drone  
  34  3:12  Drone x2  
  36  3:16  Drone x3  
  39  3:31  Drone x2  
  36  3:39  Drone x2  
  38  3:43  Queen  
  38  3:44  Queen  
  38  3:47  Overlord  
  44  3:48  Drone x2  
  44  3:50  Drone  
  44  3:52  Drone  
  44  3:54  Drone  
  47  3:57  Drone  
  47  3:58  Drone  
  47  4:01  Drone  
  50  4:06  Overlord  
  50  4:08  Drone x2  
  50  4:09  Drone  
  53  4:15  Overlord  
  53  4:16  Drone  
  54  4:19  Queen  
  54  4:23  Queen  
  58  4:27  Drone x2  
  58  4:28  Drone  
  58  4:30  Overlord  
  61  4:35  Drone x3  
  61  4:37  Drone  
  61  4:38  Drone  
  66  4:43  Drone x4  
  70  4:49  Queen  
  70  4:51  Overlord  
  72  4:55  Zergling x10  
  72  4:59  Extractor, Queen  
  78  5:02  Zergling x2  
  78  5:03  Zergling x4  
  81  5:07  Overlord  
  81  5:11  Spore Crawler  
  81  5:13  Zergling x8  
  81  5:14  Zergling x4  
  86  5:17  Overlord  
  86  5:19  Queen  
  88  5:23  Drone  
  89  5:28  Lair  
  89  5:31  Drone x5  
  94  5:38  Overlord  
  94  5:39  Baneling Nest  
  94  5:42  Extractor, Drone x4  
  95  5:50  Drone x6  
  101  6:02  Overlord  
  101  6:03  Drone x2  
  103  6:12  Zergling x2  
  103  6:13  Zergling x8  
  103  6:15  Hatchery  
  107  6:20  Extractor  
  107  6:21  Overlord  
  107  6:22  Evolution Chamber  
  107  6:23  Evolution Chamber  
  104  6:27  Overlord  
  104  6:30  Zergling x8  
  108  6:36  Spore Crawler  
  108  6:37  Spore Crawler  
  108  6:38  Roach Warren  
  105  6:40  Spire  
  105  6:41  Overlord  
  105  6:45  Extractor, Drone x6  
  89  7:12  Drone x8  
  89  7:14  Drone x3  
  99  7:21  Drone x2  
  100  7:26  Extractor, Overlord  
  100  7:28  Glial Reconstitution  
  99  7:34  Roach x4  
  99  7:35  Evolution Chamber  
  106  7:39  Overlord  
  106  7:41  Drone x2  
  108  7:45  Drone  
  108  7:58  Corruptor x5  
  108  8:04  Drone  
  118  8:07  Corruptor x2  
  122  8:15  Drone x9  
  122  8:19  Extractor  
  130  8:23  Overlord  
  130  8:26  Centrifugal Hooks, Zerg Melee Weapons Level 1  
  130  8:28  Roach x3  
  136  8:36  Hatchery  
  136  8:37  Roach x6  
  137  8:51  Roach x11  
  137  8:54  Roach  
  158  8:59  Roach  
  157  9:06  Drone x2  
  157  9:08  Overlord x5  
  157  9:17  Evolution Chamber  
  157  9:19  Corruptor  
  158  9:30  Corruptor  
  158  9:31  Corruptor x5  
  160  9:33  Extractor, Drone  
  160  9:34  Drone  
  160  9:35  Drone  
  172  9:39  Drone x3  
  172  9:40  Drone x2  
  172  9:45  Zerg Missile Weapons Level 1  
  177  9:47  Drone x5  
  177  9:52  Zergling x10  
  187  9:54  Overseer  
  187  9:58  Drone  
  187  9:59  Drone  
  188  10:05  Zergling x18  
  191  10:18  Zergling x16  
  191  10:20  Zerg Melee Weapons Level 2  
  191  10:21  Infestation Pit  
  198  10:31  Baneling x20  
  198  10:47  Zergling x12  
  184  11:00  Corruptor x7  
  189  11:04  Hive  
  189  11:09  Pneumatized Carapace  
  187  11:15  Overseer  
  175  11:37  Zergling x50  
  199  11:45  Overlord  
  199  11:51  Spine Crawler, Spore Crawler  
  199  11:52  Spine Crawler x2  
  199  11:53  Zerg Missile Weapons Level 2, Pathogen Glands  
  192  11:54  Spine Crawler  
  193  12:01  Roach x3  
  189  12:15  Spine Crawler  
  189  12:16  Spine Crawler x2  
  189  12:20  Roach x8, Zergling x28  
  198  12:23  Hatchery  
  183  12:35  Ravager x6  
  183  12:36  Ravager x8  
  184  12:38  Zergling x30  
  187  12:45  Ravager  
  187  12:46  Ravager x5  
  187  12:48  Baneling x8  
  187  12:50  Adrenal Glands, Zerg Melee Weapons Level 3  
  193  12:52  Greater Spire  
  181  13:13  Zergling x2  
  181  13:14  Zergling x42  
  187  13:25  Zergling x22  
  174  13:42  Zergling x20  
  171  14:00  Hatchery, Roach x9  
  179  14:04  Baneling x9  
  179  14:05  Baneling x23  
  179  14:13  Roach x4  
  179  14:14  Roach  
  186  14:24  Infestor  
  186  14:25  Infestor x3  
  156  14:46  Zergling x2  
  156  14:47  Zergling x28  
  151  14:54  Zerg Flyer Armor Level 1  
  151  14:57  Ravager x2  
  153  15:04  Corruptor x4  
  161  15:10  Extractor, Drone x7  
  167  15:15  Drone x5  
  167  15:20  Drone x3  
  175  15:27  Drone x2  
  176  15:30  Drone x4  
  176  15:31  Drone  
  181  15:37  Infestor x2  
  181  15:38  Infestor  
  181  15:40  Neural Parasite  
  187  15:46  Burrow  
  182  15:53  Drone x2  
  183  15:57  Zergling x22  
  194  16:15  Hatchery  
  180  16:27  Zergling x28  
  177  16:34  Roach x3  
  177  16:35  Roach x7  
  181  16:45  Roach x5  
  191  16:50  Drone  
  191  16:53  Zergling x2  
  191  16:54  Spine Crawler, Zergling x6  
  196  16:58  Ravager x3  
  196  16:59  Baneling x11  
  198  17:05  Spine Crawler  
  197  17:13  Zerg Missile Weapons Level 3, Spine Crawler  
  197  17:14  Zerg Ground Armor Level 1  
  196  17:25  Overlord  
  195  17:31  Baneling x5  
  195  17:32  Ravager x7  
  200  17:44  Zergling x12  
  199  17:47  Overseer  
  199  17:48  Overseer x3  
  192  18:04  Zergling x18  
  199  18:12  Zergling x14  
  199  18:33  Spine Crawler  
  198  18:34  Spine Crawler, Spore Crawler  
  198  18:37  Spine Crawler x2  
  178  18:45  Hatchery  
  178  18:47  Zergling x2  
  178  18:48  Zergling x40  
  171  18:57  Roach x9  
  165  19:08  Corruptor x9  
  161  19:21  Corruptor x2  
  161  19:24  Drone x17  
  165  19:26  Infestor x4  
  167  19:48  Overlord  
  167  19:49  Overlord  
  167  19:50  Hatchery  
  166  20:08  Ravager x11  
  172  20:25  Infestor x2  
  172  20:31  Baneling x11  
  172  20:32  Roach x7  
  172  20:34  Infestor  
  186  20:38  Roach  
  186  20:49  Spine Crawler  
  184  20:50  Spine Crawler x2, Spore Crawler  
  184  20:51  Spine Crawler  
  184  20:52  Corruptor x2  
  184  20:57  Infestor  
  184  20:58  Infestor x2  
  184  21:04  Zerg Flyer Weapons Level 1  
  184  21:20  Queen  
  186  21:26  Zergling x16  
  186  21:31  Baneling x5  
  171  21:48  Infestor  
  171  21:49  Infestor x8, Roach x5  
  171  21:50  Overlord x2  
  172  21:59  Ravager x5  
  172  22:00  Overlord, Baneling x2  
  172  22:02  Zergling x2  
  172  22:03  Zergling x32  
  175  22:25  Zergling x24  
  186  22:41  Queen  
  186  22:46  Spine Crawler  
  186  22:48  Zergling x16  
  186  22:49  Zergling x10  
  198  23:00  Baneling x10  
  198  23:05  Ravager  
  198  23:09  Overseer x3  
  199  23:17  Extractor  
  199  23:18  Extractor, Drone x23  
  200  23:34  Hatchery  
  193  23:48  Zergling x2  
  193  23:49  Zergling x12  
  198  24:00  Baneling x3  
  198  24:01  Baneling x10, Zergling x4  
  193  24:36  Roach x13  
  187  24:42  Overlord x2  
  187  24:44  Infestor x6  
  187  24:48  Overlord  
  187  24:51  Extractor  
  186  24:54  Extractor  
  186  24:55  Overlord  
  169  25:05  Zergling x8  
  169  25:06  Zergling x14  
  180  25:08  Queen  
  180  25:13  Brood Lord x2  
  186  25:22  Hatchery  
  180  25:49  Zergling x44  
  141  26:10  Roach  
  141  26:11  Roach x8  
  145  26:18  Infestor x3, Roach x5  
  148  26:19  Infestor x2  
  148  26:24  Roach x6  
  158  26:37  Zergling x12  
  153  26:49  Zergling x12  
  160  27:01  Zergling x20  
  166  27:14  Ravager x3  
  166  27:15  Zergling x22, Ravager x2  
  175  27:29  Drone x4, Spine Crawler, Spore Crawler  
  177  27:31  Spine Crawler x2  
  177  27:33  Spine Crawler  
  177  27:35  Infestor  
  172  27:40  Zergling x14  
  177  27:52  Zergling x14  
  172  28:05  Baneling x11  
  172  28:06  Baneling x6  
  172  28:07  Zergling x30  
  187  28:18  Drone x6  
  154  28:34  Roach x11  

Tags
 
Add a new tag
Caveats
  • Supply blocks, unpowered buildings, or Contaminate may cause inaccurate times.
  • Supply counts are checked every 10 seconds.